 Dungeon Crawl Stone Soup version 0.31-a0-1098-g6898e6545c (webtiles) character file.

Game seed: 12921966995255502821

11913 Gargoyl the Cleaver (level 11, -3/71 HPs)
             Began as a Gargoyle Berserker on Nov 30, 2023.
             Was a Priest of Trog.
             Slain by a queen bee (5 damage)
             ... on level 10 of the Dungeon.
             The game lasted 00:15:54 (9706 turns).

Gargoyl the Cleaver (Gargoyle Berserker)            Turns: 9706, Time: 00:15:55

Health: -3/71      AC: 26    Str: 21    XL:     11   Next: 85%
Magic:  0/11       EV: 10    Int:  8    God:    Trog [***...]
Gold:   1389       SH:  6    Dex: 19    Spells: 10/10 levels left

rFire   . . .        a - +0 hand axe
rCold   . . .        n - +0 buckler
rNeg    + . .        p - +0 chain mail
rPois   ∞            (no helmet)
rElec   +            x - +2 cloak
rCorr   .            (no gloves)
SInv    .            (no boots)
Will    .....        o - amulet of guardian spirit Stlth
                     B - +6 ring of dexterity
HPRegen 0.31/turn    i - +4 ring of protection
MPRegen 0.12/turn

%: guardian spirit
@: about to teleport
A: sickness immunity, AC +8, negative energy resistance 1, electricity
resistance, torment resistance 1, petrification resistance
a: Renounce Religion, Berserk, Trog's Hand


You were on level 10 of the Dungeon.
You worshipped Trog.
Trog was most pleased with you.
You visited 1 branch of the dungeon, and saw 10 of its levels.

You collected 1389 gold pieces.

Inventory:

Hand Weapons
 a - a +0 hand axe (weapon)
 e - a +0 flail
 D - a +0 scimitar of flaming
 I - a +0 war axe
Missiles
 k - 25 poisoned darts (quivered)
 E - a throwing net
Armour
 n - a +0 buckler (worn)
 p - a +0 chain mail (worn)
 x - a +2 cloak (worn)
Jewellery
 c - a ring of protection from cold
 i - a +4 ring of protection (right hand)
 o - an amulet of guardian spirit (around neck)
 w - a ring of protection from cold
 A - a ring of positive energy
 B - a +6 ring of dexterity (left hand)
Wands
 d - a wand of roots (1)
 v - a wand of flame (29)
Scrolls
 g - 3 scrolls of fear
 r - 2 scrolls of torment
 y - a scroll of revelation
 z - 3 scrolls of identify
 F - a scroll of immolation
Potions
 b - a potion of ambrosia
 f - a potion of resistance
 m - a potion of lignification {unknown}
 q - a potion of mutation {unknown}
 s - 2 potions of invisibility {unknown}
 C - a potion of cancellation
 H - 3 potions of brilliance {unknown}


   Skills:
 + Level 9.4 Fighting
 + Level 11.6 Axes
 + Level 0.4 Throwing
 + Level 9.0 Armour
 + Level 4.6 Dodging
 + Level 3.3 Stealth
 + Level 5.8 Shields
 + Level 0.3 Evocations


You had 10 spell levels left.
You didn't know any spells.
Your spell library was empty.

Dungeon Overview and Level Annotations

Branches:
Dungeon (10/15)            Temple (0/1) D:6            Lair (0/5) D:10
    Orc (0/2) D:9

Altars:
Elyvilon
Fedhas
Gozag
Hepliaklqana
Nemelex Xobeh
Okawaru
Qazlal
Ru
Sif Muna
Trog
Uskayaw
Vehumet
Xom
Yredelemnul
Zin

Shops:
D:1 *


Innate Abilities, Weirdness & Mutations

You are immune to sickness and miasma.
Your stone body is resilient. (AC +8)
You are immune to poison.
You resist negative energy. (rN+)
You are resistant to electric shocks. (rElec)
You are resistant to unholy torment.
You are immune to petrification.


Message History

The killer bee barely misses you. The queen bee closely misses you.
Unknown command.
As you read the scroll of teleportation, it crumbles to dust.
You feel strangely unstable.
The killer bee is no longer berserk.
The killer bee closely misses you. You block the killer bee's attack.
The killer bee barely misses you. The killer bee closely misses you. x2
You block the killer bee's attack.
The killer bee stings you but does no damage.
The killer bee barely misses you. x3
The killer bee stings you but does no damage.
The killer bee barely misses you.
The killer bee stings you but does no damage.
The killer bee misses you. The killer bee barely misses you.
The queen bee barely misses you.
Unknown command.
You closely miss the killer bee.
The killer bee is moderately wounded.
You hit the queen bee but do no damage.
You hit the killer bee but do no damage.
You barely miss the killer bee. You miss the killer bee.
You hit the killer bee but do no damage.
You recover from your berserk rage.
The killer bee closely misses you. You block the killer bee's attack.
The killer bee barely misses you.
The killer bee stings you but does no damage.
You block the killer bee's attack.
The killer bee stings you but does no damage. x2
The killer bee barely misses you. x2; The killer bee stings you.
* * * LOW HITPOINT WARNING * * *
The killer bee stings you but does no damage.
You barely miss the killer bee.
The killer bee is moderately wounded.
You closely miss the killer bee. You hit the queen bee but do no damage.
You barely miss the killer bee.
You hit the killer bee but do no damage.
You closely miss the killer bee. You block the killer bee's attack.
The killer bee stings you but does no damage.
The killer bee barely misses you. The killer bee closely misses you.
The killer bee barely misses you. The queen bee stings you!
You die...

*,,,,,,**,#......~≈≈~~≈≈≈
*,,,,,,**,#......~≈≈~.PPP.≈≈≈~
*,,,,,,**,#...†...~≈≈~P♣P~~≈≈.
*,,,,,,,,,#..†.†..~≈≈~~~≈≈≈~~.
**********#........~~≈≈≈~≈~~..
*,,,,,,* #.......?.~≈~≈≈~~...
*,,,,,,####..y....#...~~~.....
*,,,,,,#?...yyy...###.†.......
*,,,,,!..##yy@y...# ####......
******##**##y###### ##........
**,* #..<,* #......... *,,*
####+### #.......P. ###+##
#......###..P.P....
#.<..#######......##....P..P..
#....##....'......##.P.P..P.P.
#....##.####......##.P...P....
#....#..# #......##...P.....P


You could see a queen bee and 7 killer bees.

Vanquished Creatures
  Erica (D:9)
  A two-headed ogre (D:9)
  The ghost of mrsnowman the Trooper, a novice DsFE of Sif Muna (D:6)
  An ugly thing (D:6)
  Maurice (D:7)
  A gargoyle (D:9)
  A komodo dragon (D:10)
  A troll (D:10)
  A vampire (D:10)
  A wyvern (D:10)
  19 yaks
  3 steam dragons
  2 acid dragons
  7 water moccasins
  Duvessa (D:7)
  2 orc warriors
  3 black bears
  4 ice beasts
  A sky beast (D:7)
  2 ogres
  5 centaurs
  2 kobold brigands
  5 bullfrogs
  A gnoll sergeant (D:6)
  3 scorpions
  16 killer bees
  Dowan (D:7)
  3 howler monkeys
  4 hounds
  A gnoll bouda (D:3)
  4 orc priests
  2 jellies (D:6)
  Jessica (D:2)
  7 orc wizards
  2 sleepcaps (D:5)
  An iguana (D:5)
  7 adders
  16 gnolls
  A shadow imp (D:8)
  2 white imps
  A worm (D:2)
  A dart slug (D:3)
  25 orcs
  5 endoplasms
  3 giant cockroaches
  8 goblins
  9 hobgoblins
  3 jackals (D:4)
  14 kobolds
  3 quokkas
  6 ball pythons
  9 bats
  2 frilled lizards
  7 rats
234 creatures vanquished.

Vanquished Creatures (collateral kills)
  A gargoyle (D:10)
  A water moccasin (D:10)
  A bullfrog (D:10)
3 creatures vanquished.

Vanquished Creatures (others)
  A hound (D:5)
  An orc (D:7)
2 creatures vanquished.

Grand Total: 239 creatures vanquished

Notes
Turn   | Place    | Note
-------+----------+-------------------------------------------
     0 | D:1      | Gargoyl the Gargoyle Berserker began the quest for the Orb.
     0 | D:1      | Reached XP level 1. HP: 14/14 MP: 1/1
   149 | D:1      | Reached XP level 2. HP: 17/19 MP: 2/2
   288 | D:1      | Found a faded altar of an unknown god.
   617 | D:1      | Found Meleenuo's Assorted Antiques.
   652 | D:1      | Reached skill level 3 in Axes
  1079 | D:2      | Reached XP level 3. HP: 22/24 MP: 3/3
  1168 | D:2      | Reached ** piety under Trog
  1429 | D:2      | Reached XP level 4. HP: 12/29 MP: 4/4
  1701 | D:2      | Noticed Jessica
  1709 | D:2      | Killed Jessica
  1710 | D:2      | Reached skill level 1 in Stealth
  2381 | D:3      | Reached skill level 4 in Axes
  2381 | D:3      | Reached XP level 5. HP: 33/33 MP: 5/5
  2439 | D:3      | Identified the +2 robe of Muodemots {Int+3 SInv}
  2596 | D:3      | Reached XP level 6. HP: 24/39 MP: 6/6
  3092 | D:3      | Found a stormy altar of Qazlal.
  3094 | D:3      | Found a basalt altar of Yredelemnul.
  3359 | D:4      | Found a sacrificial altar of Ru.
  3374 | D:4      | Found an opulent altar of Gozag.
  3868 | D:5      | Entered Level 5 of the Dungeon
  3990 | D:5      | Reached *** piety under Trog
  4028 | D:5      | Reached skill level 5 in Axes
  4040 | D:5      | Noticed a black bear
  4049 | D:5      | Killed a black bear
  4050 | D:5      | Reached XP level 7. HP: 44/44 MP: 7/7
  4258 | D:5      | Found a sparkling altar of Nemelex Xobeh.
  4475 | D:5      | Found a shimmering altar of Xom.
  4826 | D:6      | Reached skill level 5 in Fighting
  4826 | D:6      | Reached skill level 6 in Axes
  4913 | D:6      | Reached XP level 8. HP: 49/49 MP: 8/8
  5006 | D:6      | Found an iron altar of Okawaru.
  5211 | D:6      | Found a white marble altar of Elyvilon.
  5277 | D:6      | Reached skill level 7 in Axes
  5277 | D:6      | Reached skill level 5 in Armour
  5280 | D:6      | Found a staircase to the Ecumenical Temple.
  5398 | D:6      | Reached skill level 1 in Shields
  5583 | D:6      | Found a runed translucent gate.
  5583 | D:6      | Found a runed translucent gate.
  5583 | D:6      | Found a runed translucent gate.
  5584 | D:6      | Found an opulent altar of Gozag.
  5585 | D:6      | Noticed a purple ugly thing
  5587 | D:6      | Noticed mrsnowman's ghost (novice DsFE)
  5820 | D:6      | Killed a purple ugly thing
  5821 | D:6      | Reached XP level 9. HP: 56/56 MP: 9/9
  5828 | D:6      | Reached skill level 8 in Axes
  5835 | D:6      | Killed mrsnowman's ghost
  5896 | D:7      | Noticed Duvessa
  5896 | D:7      | Noticed Dowan
  5902 | D:7      | Killed Dowan
  5923 | D:7      | Killed Duvessa
  6020 | D:7      | Noticed Maurice
  6027 | D:7      | Something stole a ring of protection from cold
  6029 | D:7      | Something stole 6 poisoned darts
  6030 | D:7      | Something stole a +0 flail
  6032 | D:7      | Something stole 495 gold
  6043 | D:7      | Killed Maurice
  6197 | D:7      | Reached skill level 9 in Axes
  6197 | D:7      | Reached XP level 10. HP: 63/63 MP: 10/10
  6931 | D:7      | Found a hide-covered altar of Uskayaw.
  6932 | D:7      | Found a glowing silver altar of Zin.
  7029 | D:8      | Identified the +0 robe "Otsog" {Harm *Slow rPois Archmagi}
  7247 | D:8      | Reached skill level 10 in Axes
  7665 | D:8      | Reached **** piety under Trog
  7668 | D:8      | Found a shimmering blue altar of Sif Muna.
  7699 | D:9      | Noticed a gargoyle
  7708 | D:9      | Killed a gargoyle
  7759 | D:9      | Reached XP level 11. HP: 68/68 MP: 6/11
  7984 | D:9      | Noticed Erica
  7997 | D:9      | Killed Erica
  8016 | D:9      | Noticed a two-headed ogre
  8034 | D:9      | Killed a two-headed ogre
  8035 | D:9      | Reached skill level 11 in Axes
  8261 | D:9      | Found a radiant altar of Vehumet.
  8301 | D:9      | Found a staircase to the Orcish Mines.
  8433 | D:9      | Found a hazy altar of Hepliaklqana.
  8620 | D:9      | Reached skill level 5 in Shields
  8853 | D:10     | Entered Level 10 of the Dungeon
  8854 | D:10     | Identified a scroll of acquirement
  8855 | D:10     | Acquired 580 gold pieces
  8897 | D:10     | Found a bloodstained altar of Trog.
  9243 | D:10     | Identified the maw talisman "Juocviyc" {rElec}
  9553 | D:10     | Found a staircase to the Lair.
  9599 | D:10     | Found a blossoming altar of Fedhas.
  9694 | D:10     | HP: 3/71 [killer bee (6)]
  9703 | D:10     | HP: 3/71 [killer bee (2)]
  9706 | D:10     | Slain by a queen bee

Illustrated notes

Levels and vault maps discovered:
D:1:      dpeg_arrival_rooms_b, layout_rooms, serial_shops, shop,
          shapermc_ecumenical_altar_gd
D:2:      layout_loops_corners, minivault_11, uniq_jessica
D:3:      layout_basic, minitemple
D:4:      layout_cave_pools, mainiacjoe_overflow_24_doors, grunt_gozag_statues
D:5:      layout_cave_pods, nemelex_spade_bored_becter, xom_confusion_cloud
D:6:      layout_loops_ring, elyvilon_altar_5, mainiacjoe_overflow_boulevard,
          minmay_temple_entry_arrows, ebering_ghost_gozag
D:7:      layout_basic, nicolae_overflow_hidden_temple, minmay_misc_feat_rugged,
          minmay_puff, uniq_duvessa, uniq_maurice
D:8:      minmay_the_grid_triangle_9x9_rhombus_full
          [minmay_the_grid_triangle_9x9_warning,
          minmay_the_grid_triangle_9x9_checkered,
          minmay_the_grid_triangle_9x9_zippers_horizontal,
          minmay_the_grid_triangle_9x9_corrupted_corridor,
          minmay_the_grid_triangle_9x9_shrine,
          minmay_the_grid_triangle_9x9_longest,
          minmay_the_grid_triangle_9x9_alien,
          minmay_the_grid_triangle_9x9_prize_center], layout_rooms, tgw_sif
D:9:      layout_gridville, nicolae_vehumet_altar_sigil, kennysheep_mini,
          orc_0_dummy, uniq_erica
D:10:     layout_roguey, lemuel_crystal_altar, fedhas_ov_isle_minmay,
          kennysheep_mini_moat, due_lair_maze_entry_diamond, special_room
          [special_room_bee]

Skill      XL: |  1  2  3  4  5  6  7  8  9 10 11 |
---------------+----------------------------------+-----
Axes           | 3 4 5 6 7 9 10 11 | 11.6
Dodging        | 2 3 4 |  4.6
Fighting       | 4 5 6 7 8 9 |  9.4
Stealth        | 1 2 3 |  3.3
Armour         | 3 4 5 6 7 9 |  9.0
Shields        | 2 3 4 5 |  5.8
Throwing       | |  0.4
Evocations     | |  0.3

Action                     |  1- 3 |  4- 6 |  7- 9 | 10-12 || total
---------------------------+-------+-------+-------+-------++-------
  Melee: Hand axe          |   114 |   196 |   305 |   638 ||  1253
         Punch             |     1 |     1 |     5 |       ||     7
  Throw: Dart              |       |       |       |     2 ||     2
 Invoke: Berserk           |     2 |     4 |     8 |     9 ||    23
         Trog's Hand       |       |     1 |     7 |     7 ||    15
         Brothers in Arms  |       |       |       |     1 ||     1
  Evoke: Wand              |       |       |       |     2 ||     2
    Use: Scroll            |     1 |     7 |     6 |     7 ||    21
         Potion            |       |       |       |     9 ||     9
   Stab: Sleeping          |     1 |     1 |       |       ||     2
         Confused          |       |       |     1 |       ||     1
 Armour: Animal skin       |    89 |    58 |       |       ||   147
         Chain mail        |       |    88 |   268 |   863 ||  1219
         Scale mail        |       |     9 |       |       ||     9
  Dodge: Dodged            |    83 |   139 |   117 |   489 ||   828
  Block: Buckler           |       |       |    39 |   205 ||   244

Table legend: (Time is in decaauts)
 A = Elapsed time spent in this place.
 B = Non-inter-level travel time spent in this place.
 C = Inter-level travel time spent in this place.
 D = Time resting spent in this place.
 E = Time spent auto-exploring this place.
 F = Levels seen in this place.
 G = Mean time per level.
                   A        B        C        D        E       F      G
               +--------+--------+--------+--------+--------+-----+--------+
         Total |   9796 |   9591 |    205 |    624 |   6433 |  10 |  979.6 |
       Dungeon |   9796 |   9591 |    205 |    624 |   6433 |  10 |  979.6 |
               +--------+--------+--------+--------+--------+-----+--------+

Top non-repeatable levels by time:
     D:3: 1384 daAuts
     D:9: 1177 daAuts
     D:6: 1146 daAuts
     D:2: 1145 daAuts
     D:7: 1044 daAuts
     D:5: 936 daAuts
    D:10: 833 daAuts
     D:1: 831 daAuts
     D:8: 711 daAuts
     D:4: 586 daAuts
